 Dungeon Crawl Stone Soup version 0.32-a0-630-g46d191b0ed (webtiles) character file.

Game seed: 12232838424181989553

3588 IdlyInterested the Blocker (level 9, -6/68 (69) HPs)
             Began as a Demonspawn Fighter on Mar 6, 2024.
             Was a Follower of Ashenzari.
             Mangled by a komodo dragon (18 damage)
             ... on level 8 of the Dungeon.
             The game lasted 00:23:48 (6474 turns).

IdlyInterested the Blocker (Demonspawn Fighter)     Turns: 6474, Time: 00:23:49

HP:   -6/68 (69)    AC: 15    Str: 18    XL:     9   Next: 85%
MP:   13/13         EV:  7    Int:  9    God:    Ashenzari [*.....]
Gold: 369           SH: 13    Dex: 15    Spells: 14/14 levels left

rFire   . . .        h - +2 rapier "I Knew You'd Do That" {drain, Dev, Melee} (curse)
rCold   + . .        F - +2 kite shield
rNeg    . . .        m - +0 chain mail "Lashed Servitude" {Self, Range} (curse)
rPois   +            (helmet restricted)
rElec   .            B - +1 cloak
rCorr   .            (no gloves)
SInv    .            g - +0 pair of boots
Will    .....        (no amulet) Stlth
                     e - ring of poison resistance
HPRegen 0.31/turn    C - ring of protection from cold
MPRegen 0.26/turn

%: no passive effects
@: lightly drained
A: antennae 1, yellow scales 2, demonic guardian 2, magic regeneration
a: Renounce Religion, Curse Item, Shatter the Chains


You were on level 8 of the Dungeon.
You worshipped Ashenzari.
Ashenzari was aware of your devotion.
You visited 2 branches of the dungeon, and saw 9 of its levels.

You collected 369 gold pieces.

Inventory:

Hand Weapons
 a - a +0 long sword
 h - the cursed +2 rapier "I Knew You'd Do That" (weapon) {drain, Dev, Melee}
   (You found it on level 1 of the Dungeon)

   It has a curse which improves the following skills: Devices: Evocations and
   Shapeshifting.
   Melee Combat: Short Blades, Long Blades, Axes, Maces & Flails, Polearms,
   Staves and Unarmed Combat.
 J - a +0 long sword
Missiles
 i - 30 poisoned darts (quivered)
 j - 32 stones
 G - 2 throwing nets
 I - 6 javelins
Armour
 c - +0 steam dragon scales
 g - a +0 pair of boots (worn)
 m - the cursed +0 chain mail "Lashed Servitude" (worn) {Self, Range}
   (You found it on level 2 of the Dungeon)

   It has a curse which improves the following skills: Introspection: Fighting
   and Spellcasting.
   Ranged Combat: Ranged Weapons and Throwing.
 B - a +1 cloak (worn)
 E - a +0 chain mail
 F - a +2 kite shield (worn)
Jewellery
 e - a ring of poison resistance (left hand)
 C - a ring of protection from cold (right hand)
Wands
 d - a wand of flame (7)
 D - a wand of mindburst (12)
 H - a wand of charming (15)
Scrolls
 b - a scroll of revelation
 f - 3 scrolls of immolation
 l - a scroll of enchant weapon
 q - a scroll of fear
 s - a scroll of poison
 t - 3 scrolls of teleportation
 w - 2 scrolls of vulnerability
 y - 5 scrolls of blinking
 A - a scroll of torment
Potions
 k - a potion of cancellation
 n - a potion of attraction
 o - 2 potions of curing
 r - a potion of haste
 u - a potion of might
 v - 2 potions of enlightenment
 x - a potion of brilliance
 z - a potion of lignification


   Skills:
 - Level 4.9(5.6) Fighting
 + Level 7.1(7.9) Long Blades
 + Level 0.5(1.0) Throwing
 - Level 3.0 Armour
 - Level 3.0 Dodging
 - Level 3.0 Stealth
 * Level 9.0 Shields
 - Level 2.3(3.0) Spellcasting
 - Level 2.4(3.1) Evocations


You had 14 spell levels left.
You didn't know any spells.
Your spell library contained the following spells:

 Spells                   Type           Power      Damage    Failure   Level
 Necrotise                Necr           4%         1d4       99%         1
 Summon Small Mammal      Summ           4%         N/A       99%         1
 Call Canine Familiar     Summ           1%         N/A       100%        3
 Gell's Gravitas          Tloc           1%         N/A       100%        3
 Teleport Other           Tloc           1%         N/A       100%        3
 Vampiric Draining        Necr           1%         2d6       100%        3
 Martyr's Knell           Necr/Summ      1%         N/A       100%        4
 Summon Blazeheart Golem  Fire/Summ      1%         N/A       100%        4
 Curse of Agony           Necr           1%         N/A       100%        5
 Dispersal                Tloc           0%         N/A       100%        6
 Haunt                    Necr/Summ      0%         N/A       100%        7
 Malign Gateway           Summ/Tloc      0%         N/A       100%        7
 Orb of Destruction       Conj           0%         9d5       100%        7
 Spellforged Servitor     Conj/Summ      0%         N/A       100%        7
 Borgnjor's Revivificati  Necr           0%         N/A       100%        8
 Summon Horrible Things   Summ           0%         N/A       100%        8
 Death's Door             Necr           0%         N/A       100%        9


Dungeon Overview and Level Annotations

Branches:
Dungeon (8/15)             Temple (1/1) D:4
   Lair: D:8-11

Altars:
Ashenzari
Cheibriados
Dithmenos
Fedhas
Gozag
Hepliaklqana
Kikubaaqudgha
Makhleb
Okawaru
Qazlal
Ru
Sif Muna
Trog
Wu Jian
Xom
Yredelemnul


Innate Abilities, Weirdness & Mutations

You have a pair of small antennae on your head.
You are mostly covered in yellow scales. (AC +3)
A demonic guardian rushes to your aid.
You regenerate magic rapidly.


Message History

The wight barely misses you.
You barely miss the wight.
The wight is heavily damaged.
Your rust devil barely misses the komodo dragon.
Something hits your rust devil!
Your rust devil dies!
Your rust devil disappears in a puff of smoke!
The wight hits you but does no damage.
You closely miss the wight.
The wight is heavily damaged.
A wight comes into view. It is wielding a +0 halberd.
The komodo dragon closely misses you. You block the wight's attack.
You hit the wight.
The wight is heavily damaged.
The wight hits you but does no damage.
The komodo dragon bites you but does no damage.
The wight barely misses you.
You barely miss the wight.
The wight is heavily damaged.
You block the wight's attack. The komodo dragon bites you!!
* * * LOW HITPOINT WARNING * * *
A demonic guardian appears!
You block the wight's attack.
Unknown command.
You feel much better. You block the komodo dragon's attack.
The wight hits you from afar with a +0 halberd.
* * * LOW HITPOINT WARNING * * *
The wight hits you but does no damage.
Your hellwing barely misses the komodo dragon.
Your hellwing hits the komodo dragon! You barely miss the wight.
The wight is heavily damaged.
The komodo dragon bites you!
* * * LOW HITPOINT WARNING * * *
You block the wight's attack. x2
Your hellwing barely misses the komodo dragon.
Your hellwing closely misses the komodo dragon.
You hit the wight but do no damage.
The wight is heavily damaged.
The komodo dragon bites you!!
You die...

.P .## ......# #
.P.#.# #P ..#.#####
#P. #......# #P.P
#......# #P..,,
#......##
#..z####......#
#.4l@z.......#####
########......)).####
#.....###)..##
#......####..#
####..... ##..
##.#...###.
#.##...### #.. #...##
##. #....


You could see a komodo dragon (corroded, ally target), 2 wights and a friendly
hellwing (summoned).

Vanquished Creatures
  A two-headed ogre (D:8)
  The ghost of meatmacerator the Insei, a novice OpFi (D:3)
  2 steam dragons
  A sky beast (D:7)
  2 ice beasts (D:7)
  An ogre (D:7)
  2 centaurs (D:8)
  A kobold brigand (D:7)
  3 bullfrogs
  2 scorpions
  A wight (D:8)
  2 howler monkeys
  6 hounds
  2 bombardier beetles
  A gnoll bouda (D:8)
  3 jellies
  An orc priest (D:8)
  2 sleepcaps
  Jessica (D:2)
  3 iguanas
  6 orc wizards
  12 gnolls
  4 adders
  A shadow imp (D:7)
  4 white imps
  4 dart slugs
  2 ribbon worms (D:2)
  15 orcs
  7 endoplasms
  2 giant cockroaches
  7 goblins
  7 hobgoblins
  3 jackals (D:1)
  2 quokkas
  12 ball pythons
  8 bats
  2 frilled lizards (D:1)
  11 kobolds
  4 rats
151 creatures vanquished.

Vanquished Creatures (collateral kills)
  A steam dragon (D:6)
  Menkaure (D:6)
  A kobold brigand (D:3)
  A hound (D:6)
  2 orc priests
  An orc wizard (D:4)
  3 gnolls
  8 orcs
  7 kobolds (D:3)
25 creatures vanquished.

Vanquished Creatures (others)
  2 bullfrogs
2 creatures vanquished.

Grand Total: 178 creatures vanquished

Notes
Turn   | Place    | Note
-------+----------+-------------------------------------------
     0 | D:1      | IdlyInterested the Demonspawn Fighter began the quest for
                  | the Orb.
     0 | D:1      | Reached XP level 1. HP: 18/18 MP: 1/1
    91 | D:1      | Gained mutation: You are partially covered in yellow
                  | scales. (AC +2) [demonic ancestry]
    91 | D:1      | Reached XP level 2. HP: 23/24 MP: 2/2
   352 | D:1      | Reached skill level 3 in Shields
   390 | D:1      | Gained mutation: A weak demonic guardian rushes to your
                  | aid. [demonic ancestry]
   390 | D:1      | Reached XP level 3. HP: 29/29 MP: 3/3
   689 | D:2      | Reached skill level 1 in Dodging
   689 | D:2      | Gained mutation: A demonic guardian rushes to your aid.
                  | [demonic ancestry]
   689 | D:2      | Reached XP level 4. HP: 35/35 MP: 4/4
   731 | D:2      | Noticed Jessica
   737 | D:2      | Killed Jessica
  1475 | D:3      | Found a runed translucent gate.
  1475 | D:3      | Found a runed translucent gate.
  1475 | D:3      | Found a runed translucent gate.
  1475 | D:3      | Noticed meatmacerator's ghost (novice OpFi)
  1477 | D:3      | Noticed a kobold brigand
  1709 | D:3      | Reached XP level 5. HP: 42/42 MP: 5/5
  2062 | D:3      | Killed meatmacerator's ghost
  2063 | D:3      | Gained mutation: You have a pair of small antennae on your
                  | head. [demonic ancestry]
  2063 | D:3      | Reached XP level 6. HP: 19/50 MP: 6/6
  2431 | D:4      | Reached skill level 1 in Stealth
  2434 | D:4      | Reached XP level 7. HP: 21/55 MP: 7/7
  2511 | D:4      | Reached skill level 4 in Shields
  2688 | D:4      | Found a staircase to the Ecumenical Temple.
  2734 | Temple   | Entered the Ecumenical Temple
  3111 | Temple   | Became a worshipper of Ashenzari the Shackled
  3128 | D:5      | Entered Level 5 of the Dungeon
  3461 | D:5      | Reached skill level 5 in Shields
  3470 | D:5      | Gained mutation: You regenerate magic rapidly. [demonic
                  | ancestry]
  3470 | D:5      | Reached XP level 8. HP: 50/61 MP: 8/8
  4049 | D:6      | Reached skill level 5 in Long Blades
  4254 | D:6      | Reached * piety under Ashenzari
  4333 | D:6      | Reached skill level 6 in Shields
  4334 | D:6      | Noticed Menkaure
  4340 | D:6      | Killed Menkaure
  4946 | D:7      | Reached skill level 7 in Shields
  5183 | D:7      | Reached skill level 1 in Evocations
  5195 | D:7      | Gained mutation: You are mostly covered in yellow scales.
                  | (AC +3) [demonic ancestry]
  5195 | D:7      | Reached XP level 9. HP: 69/69 MP: 9/9
  6055 | D:8      | Reached skill level 8 in Shields
  6073 | D:8      | Reached skill level 1 in Spellcasting
  6401 | D:8      | Noticed a two-headed ogre
  6418 | D:8      | Killed a two-headed ogre
  6463 | D:8      | Noticed a komodo dragon
  6465 | D:8      | Reached skill level 9 in Shields
  6474 | D:8      | Mangled by a komodo dragon

Illustrated notes

Levels and vault maps discovered:
D:1:      erik_arrival_blinker_ship, layout_rooms, kennysheep_nondescript
D:2:      layout_loops_cross, kennysheep_generic_room_9, uniq_jessica
D:3:      minmay_skewed_foursquare, layout_basic, gammafunk_ghost_nasty_kobolds,
          minmay_pentomino_pile
D:4:      layout_gridville, minmay_temple_entry_offerings
D:5:      layout_cave_pools
D:6:      cheibrodos_steamvent, layout_loops_ring, uniq_menkaure
D:7:      layout_loops_corners
D:8:      layout_rooms, lemuel_coloured_pillars_altar,
          mainiacjoe_overflow_boulevard, minitemple, david_lair_shrubbed
Temple:   nicolae_temple_bog_church

Skill      XL: |  1  2  3  4  5  6  7  8  9 |
---------------+----------------------------+-----
Long Blades    | 2 3 4 6 7 |  7.1
Armour         | 3 |  3.0
Shields        | 3 5 7 9 |  9.0
Dodging        | 1 2 3 |  3.0
Fighting       | 4 |  4.9
Stealth        | 1 2 3 |  3.0
Evocations     | 1 2 |  2.4
Spellcasting   | 2 |  2.3
Throwing       | |  0.5

Action                     |  1- 3 |  4- 6 |  7- 9 || total
---------------------------+-------+-------+-------++-------
  Melee: Long sword        |    48 |       |       ||    48
         Rapier            |    48 |   107 |   433 ||   588
  Throw: Dart              |       |       |    19 ||    19
 Invoke: Curse Item        |       |       |     2 ||     2
    Use: Potion            |       |     1 |     5 ||     6
 Armour: Scale mail        |    73 |       |       ||    73
         Chain mail        |    17 |   100 |   377 ||   494
  Dodge: Dodged            |    41 |    34 |   119 ||   194
  Block: Buckler           |    20 |    36 |    11 ||    67
         Kite shield       |       |       |   305 ||   305

Table legend: (Time is in decaauts)
 A = Elapsed time spent in this place.
 B = Non-inter-level travel time spent in this place.
 C = Inter-level travel time spent in this place.
 D = Time resting spent in this place.
 E = Time spent auto-exploring this place.
 F = Levels seen in this place.
 G = Mean time per level.
                   A        B        C        D        E       F      G
               +--------+--------+--------+--------+--------+-----+--------+
         Total |   6553 |   5922 |    631 |    431 |   3773 |   9 |  728.1 |
       Dungeon |   6523 |   5902 |    621 |    431 |   3773 |   8 |  815.4 |
        Temple |     30 |     20 |     10 |      0 |      0 |   1 |   30.0 |
               +--------+--------+--------+--------+--------+-----+--------+

Top non-repeatable levels by time:
     D:3: 1150 daAuts
     D:6: 1114 daAuts
     D:7: 1093 daAuts
     D:4: 802 daAuts
     D:2: 749 daAuts
     D:5: 708 daAuts
     D:1: 497 daAuts
     D:8: 407 daAuts
  Temple: 30 daAuts
